 Dungeon Crawl Stone Soup version 0.29-a0-613-gf2c431b9b9 (webtiles) character file.

Game seed: 9178660348497308444

62 zeratav the Stinger (level 4, -1/27 HPs)
             Began as an Octopode Venom Mage on June 16, 2022.
             Slain by a worm (7 damage)
             ... on level 2 of the Dungeon.
             The game lasted 00:02:45 (2792 turns).

zeratav the Stinger (Octopode Venom Mage)           Turns: 2792, Time: 00:02:46

Health: -1/27      AC:  1    Str:  7    XL:     4   Next: 8%
Magic:  3/8        EV: 13    Int: 19    God:
Gold:   125        SH:  0    Dex: 12    Spells: 7/8 levels left

rFire   . . .      SeeInvis .   c - +0 dagger {short}
rCold   . . .      Faith    .   (no shield)
rNeg    . . .      Spirit   .   (helmet restricted)
rPois   .          Reflect  .   (no amulet)
rElec   .          Harm     .   (no ring)
rCorr   .          Rampage  .   (no ring)
Will    .....                   (no ring)
Stlth   +++.......              (no ring)
HPRegen 0.09/turn               (no ring)
MPRegen 0.11/turn               (no ring)
                                (no ring)
                                (no ring)

@: no status effects
A: almost no armour, amphibious, 8 rings, camouflage 1, gelatinous body 1,
(nimble swimmer 1), tentacles
a: no special abilities


You were on level 2 of the Dungeon.
You visited 1 branch of the dungeon, and saw 2 of its levels.

You collected 125 gold pieces.


Innate Abilities, Weirdness & Mutations

You cannot wear most types of armour.
You are amphibious.
You can wear up to eight rings at the same time.
Your skin changes colour to match your surroundings (Stealth+).
Your rubbery body absorbs attacks. (AC +1, EV +1)
((You are camouflaged when in or above water. (Stealth+)))
You have tentacles for arms and can constrict up to eight enemies at once.


   Skills:
 - Level 2.0 Dodging
 - Level 2.6 Stealth
 + Level 2.7 Spellcasting
 - Level 1.0 Transmutations
 * Level 5.2 Poison Magic


You had 7 spell levels left.
You knew the following spells:

 Your Spells              Type           Power      Damage    Failure   Level
a - Sting                 Tmut/Pois      56%        1d5       4%          1

Your spell library contained the following spells:

 Spells                   Type           Power      Damage    Failure   Level
 Poisonous Vapours        Pois/Air       24%        N/A       9%          2
 Olgreb's Toxic Radiance  Pois           22%        N/A       19%         4
 Mephitic Cloud           Conj/Pois/Air  9%         N/A       22%         3
 Chain Lightning          Conj/Air       1%         3d1       100%        9
 Fire Storm               Conj/Fire      1%         7d1       100%        9
 Shatter                  Erth           1%         3d5*      100%        9

Inventory:

Hand Weapons
 c - a +0 dagger (weapon) {short}
   (You took it off a kobold on level 1 of the Dungeon)
Missiles
 h - 46 stones {throwing}
Jewellery
 e - an amulet of the acrobat
   (You found it on level 1 of the Dungeon)
Scrolls
 d - a scroll of teleportation {unknown}
 f - a scroll of enchant weapon {unknown}
 g - a scroll of fog {unknown}
 i - a scroll of identify {unknown}
Potions
 a - a potion of magic
 b - 2 potions of brilliance {unknown}

Dungeon Overview and Level Annotations

Branches:
Dungeon (2/15) Zot: 9204

Altars:

... #..# ...... #..!
........ ###..##
####....... .......
..$#.K.....### #.....
..$#..........##
##...#w.|#.#.###......
##..##@####............
#...#.#.†.......#......
#.##........."......
#.#...†.......#......
#.##...........#......
#?#.....#####...#####..
###..#### ###..#.....
...###########..#...##
#####.......#.......##


You could see a worm (extremely poisoned).


Message History

An endoplasm is nearby!
You strike the helpless endoplasm from behind!
You puncture the endoplasm!
You kill the endoplasm!
MP[+1] No target in view!
No target in view!
No target in view!
No target in view!
No target in view!
No target in view!
No target in view!
No target in view!
No target in view!
No target in view!
No target in view!
No target in view!
No target in view!
No target in view!
No target in view!
An endoplasm is nearby!
MP[+1] No target in view!
An endoplasm is nearby!
A worm comes into view.
The endoplasm quivers.
You hit the endoplasm but do no damage. The endoplasm freezes you.
You are frozen.
HP[-1]
You take 1 damage, and now have 26/27 hp.
You barely miss the endoplasm. You tentacle-slap the endoplasm.
Your squeeze misses the endoplasm. The endoplasm freezes you.
You are frozen.
HP[-4]
You take 4 damage, and now have 22/27 hp.
You hit the endoplasm. You squeeze the endoplasm.
You kill the endoplasm!
MP[+1]
The worm bites you!
HP[-6]
You take 6 damage, and now have 16/27 hp.
MASSIVE DAMAGE!! (PAUSE)
You are too injured to fight recklessly!
You are too injured to fight recklessly!
You are too injured to fight recklessly!
You are too injured to fight recklessly!
You are too injured to fight recklessly!
You are too injured to fight recklessly!
You are too injured to fight recklessly!
You are too injured to fight recklessly!
You are too injured to fight recklessly!
You are too injured to fight recklessly!
You are too injured to fight recklessly!
You are too injured to fight recklessly!
You are too injured to fight recklessly!
You are too injured to fight recklessly!
You are too injured to fight recklessly!
You are too injured to fight recklessly!
You are too injured to fight recklessly!
You are too injured to fight recklessly!
You are too injured to fight recklessly!
You are too injured to fight recklessly!
You are too injured to fight recklessly!
Casting: Sting (safe; 4% risk of failure)
Confirm with . or Enter, or press ? or * to list all spells.
Aiming: Sting (safe; 4% risk of failure)
Press: ? - help, Shift-Dir - straight line, f - worm
Aim: a worm (90% to hit)
The sting hits the worm.
The worm is poisoned.
MP[-1]
You lost 1 mp, and now have 6/8 mp.
Casting: Sting (safe; 4% risk of failure)
Confirm with . or Enter, or press ? or * to list all spells.
Aiming: Sting (safe; 4% risk of failure)
Press: ? - help, Shift-Dir - straight line, f/p - worm
Aim: a worm (lightly wounded, poisoned, 90% to hit)
The sting hits the worm.
The worm looks even sicker.
The worm bites you!
* * * LOW HITPOINT WARNING * * *
HP[-10] MP[-1]
You take 10 damage, and now have 6/27 hp.
MASSIVE DAMAGE!! (PAUSE)
You lost 1 mp, and now have 5/8 mp.
Casting: Sting (safe; 4% risk of failure)
Confirm with . or Enter, or press ? or * to list all spells.
Aiming: Sting (safe; 4% risk of failure)
Press: ? - help, Shift-Dir - straight line, f/p - worm
Aim: a worm (moderately wounded, very poisoned, 90% to hit)
The sting hits the worm.
The worm looks even sicker.
MP[-1]
You lost 1 mp, and now have 4/8 mp.
Casting: Sting (safe; 4% risk of failure)
Confirm with . or Enter, or press ? or * to list all spells.
Aiming: Sting (safe; 4% risk of failure)
Press: ? - help, Shift-Dir - straight line, f/p - worm
Aim: a worm (moderately wounded, very poisoned, 90% to hit)
The sting hits the worm.
The worm looks as sick as possible!
The worm bites you!
You die...

Skill      XL: |  1  2  3 |
---------------+----------+-----
Poison Magic   | 4 5 |  5.2
Dodging        | |  2.0
Stealth        | |  2.6
Spellcasting   | |  2.7
Transmutations | |  1.0

Action                   |  1- 3 |  4- 6 || total
-------------------------+-------+-------++-------
Melee: Unarmed           |     7 |       ||     7
       Constrict         |    11 |     1 ||    12
       Tentacles         |    10 |     3 ||    13
       Punch             |     1 |     1 ||     2
       Dagger            |    32 |     7 ||    39
 Cast: Sting             |    49 |     5 ||    54
 Stab: Sleeping          |     3 |       ||     3
       Distracted        |       |     1 ||     1
Armor: Skin              |    13 |       ||    13
Dodge: Dodged            |    45 |     1 ||    46

Levels and vault maps discovered:
D:1:      dpeg_arrival_castle, layout_basic,
          hellmonk_ecumenical_altar_slurped_away
D:2:      layout_rooms, minmay_vboxes

Notes
Turn   | Place    | Note
-------+----------+-------------------------------------------
     0 | D:1      | zeratav the Octopode Venom Mage began the quest for the
                  | Orb.
     0 | D:1      | Reached XP level 1. HP: 11/11 MP: 3/3
     0 | D:1      | magus.rc [v1.9.6]
   269 | D:1      | HP: 2/11 [hobgoblin (1)]
   580 | D:1      | Reached skill level 4 in Poison Magic
   629 | D:1      | Reached XP level 2. HP: 17/17 MP: 3/5
   825 | D:1      | Found a faded altar of an unknown god.
   874 | D:1      | HP: 4/17 [rat (3)]
  1599 | D:1      | Reached XP level 3. HP: 9/21 MP: 1/6
  1805 | D:1      | You pick up a book of Annihilations and begin reading...
  1805 | D:1      | You add the spells Chain Lightning, Fire Storm and Shatter
                  | to your library.
  2554 | D:2      | Reached skill level 5 in Poison Magic
  2737 | D:2      | Reached XP level 4. HP: 26/27 MP: 2/8
  2790 | D:2      | HP: 6/27 [worm (10)]
  2792 | D:2      | Slain by a worm

Vanquished Creatures
  An adder (D:2)
  2 worms
  2 dart slugs (D:2)
  7 endoplasms
  2 giant cockroaches
  6 goblins
  5 hobgoblins
  3 jackals (D:1)
  2 quokkas (D:1)
  A ball python (D:2)
  4 bats
  A frilled lizard (D:1)
  2 kobolds
  A rat (D:1)
39 creatures vanquished.

Table legend:
 A = Non-vault XP
 B = Vault XP
 C = Vault XP percentage of total XP
 D = Non-vault monster count
 E = Vault monster count
 F = Vault count percentage of total count
                 A         B        C        D         E       F
            +---------+---------+-------+---------+---------+-------
      Total |      67 |      22 |  24.7 |      33 |       6 |  15.4
            +---------+---------+-------+---------+---------+-------
        D:1 |      42 |       2 |   4.5 |      22 |       1 |   4.3
        D:2 |      25 |      20 |  44.4 |      11 |       5 |  31.2
            +---------+---------+-------+---------+---------+-------

Illustrated notes

Table legend:
 A = Kills in this place as a percentage of kills in entire the game.
 B = Kills by you in this place as a percentage of kills by you in the entire game.
 C = Kills by friends in this place as a percentage of kills by friends in the entire game.
 D = Other kills in this place as a percentage of other kills in the entire game.
 E = Experience gained in this place as a percentage of experience gained in the entire game.
 F = Experience gained in this place divided by the number of levels of this place that you have seen.
                   A       B       C       D       E      F
               +-------+-------+-------+-------+-------+----------------------
         Total | 100.0 | 100.0 |   N/A |   N/A | 100.0 |  44.5
       Dungeon | 100.0 | 100.0 |   N/A |   N/A | 100.0 |  44.5
               +-------+-------+-------+-------+-------+----------------------

Table legend: (Time is in decaauts)
 A = Elapsed time spent in this place.
 B = Non-inter-level travel time spent in this place.
 C = Inter-level travel time spent in this place.
 D = Time resting spent in this place.
 E = Time spent auto-exploring this place.
 F = Levels seen in this place.
 G = Mean time per level.
                   A        B        C        D        E       F      G
               +--------+--------+--------+--------+--------+-----+--------+
         Total |   2794 |   2783 |     11 |   1161 |   1328 |   2 | 1397.0 |
       Dungeon |   2794 |   2783 |     11 |   1161 |   1328 |   2 | 1397.0 |
               +--------+--------+--------+--------+--------+-----+--------+

Top non-repeatable levels by time:
     D:1: 2277 daAuts
     D:2: 517 daAuts
